 Dungeon Crawl Stone Soup version 0.30-a0-311-gf115ab0292 (webtiles) character file.

Game seed: 1746630778941832283

590 purpskrrrp the Ducker (level 7, -3/68 HPs)
             Began as a Troll Wanderer on Oct 25, 2022.
             Slain by Prince Ribbit (14 damage)
             ... on level 5 of the Dungeon.
             The game lasted 00:06:25 (3606 turns).

purpskrrrp the Ducker (Troll Wanderer)              Turns: 3606, Time: 00:06:25

Health: -3/68      AC:  8    Str: 22    XL:     7   Next: 16%
Magic:  6/6        EV: 12    Int:  7    God:
Gold:   288        SH:  0    Dex: 17    Spells: 6/6 levels left

rFire   . . .      SeeInvis .    (no weapon)
rCold   + . .      Faith    .    (no shield)
rNeg    . . .      Spirit   .    b - +2 robe
rPois   .          Reflect  .    v - +1 hat
rElec   .          Harm     .    n - +0 cloak
rCorr   .          Rampage  .    (gloves unavailable)
Will    .....                    (boots unavailable)
Stlth   ++........               (no amulet)
HPRegen 1.11/turn                o - +6 ring of dexterity
MPRegen 0.10/turn                m - ring of protection from cold

@: no status effects
A: large, unfitting armour, claws 3, regeneration 1, shaggy fur 1, tough skin 1
a: no special abilities


You were on level 5 of the Dungeon.
You visited 1 branch of the dungeon, and saw 5 of its levels.

You collected 288 gold pieces.

Inventory:

Hand Weapons
 s - a +5 quarterstaff of chaos
Armour
 b - a +2 robe (worn)
 n - a +0 cloak (worn)
 v - a +1 hat (worn)
Jewellery
 m - a ring of protection from cold (right claw)
 o - a +6 ring of dexterity (left claw)
 p - a ring of wizardry
Wands
 r - a wand of flame (12)
Scrolls
 c - 3 scrolls of silence
 h - a scroll of immolation
 t - 3 scrolls of teleportation
Potions
 a - a potion of heal wounds {unknown}
 d - a potion of mutation
 f - a potion of curing
 g - a potion of resistance {unknown}
 i - 2 potions of might
 k - 2 potions of degeneration


   Skills:
 + Level 3.9 Fighting
 + Level 4.0 Axes
 + Level 5.5 Dodging
 - Level 1.0 Evocations


You had 6 spell levels left.
You didn't know any spells.
Your spell library was empty.

Dungeon Overview and Level Annotations

Branches:
Dungeon (5/15)
 Temple: D:4-7

Altars:
Elyvilon
Ru
Xom

Shops:
D:1 [   D:4 (

Annotations:
D:5 Prince Ribbit


Innate Abilities, Weirdness & Mutations

You are too large for most types of armour.
You have claws for hands.
Your natural rate of healing is unusually fast.
You are covered in fur. (AC +1)
You have tough skin. (AC +1)


Message History

You are too injured to fight recklessly!
You are too injured to fight recklessly!
You are too injured to fight recklessly!
You are too injured to fight recklessly!
You are too injured to fight recklessly!
You are too injured to fight recklessly!
You are too injured to fight recklessly!
You are too injured to fight recklessly!
You are too injured to fight recklessly!
You are too injured to fight recklessly!
You are too injured to fight recklessly!
You are too injured to fight recklessly!
You are too injured to fight recklessly!
You are too injured to fight recklessly!
You are too injured to fight recklessly!
You are too injured to fight recklessly!
You are too injured to fight recklessly!
The orc attacks as you move away! The orc misses you.
You barely miss Prince Ribbit. Prince Ribbit hits you!
* * * LOW HITPOINT WARNING * * *
Prince Ribbit hits you!
* * * LOW HITPOINT WARNING * * *
You claw Prince Ribbit!
Prince Ribbit is moderately wounded.
The orc closely misses you. The orc barely misses you.
Prince Ribbit closely misses you.
You scratch Prince Ribbit.
Prince Ribbit is moderately wounded.
Prince Ribbit misses you. The orc barely misses you.
The orc hits you but does no damage.
Prince Ribbit says, "You're just another fly to me."
Prince Ribbit closely misses you.
You barely miss Prince Ribbit.
Prince Ribbit is moderately wounded.
The orc hits you from afar with a +0 trident.
* * * LOW HITPOINT WARNING * * *
The orc hits you from afar with a +0 trident.
* * * LOW HITPOINT WARNING * * *
Prince Ribbit hits you!
You die...

#................
#................
#................
#................
######.###.###'####
#..###.###.###..##
#....'..#...'....#
#....#..#...#....##
##@###..###.##.###. #F#
#..###.##'###.
#.ooo#..............
..'..o.#..............
~~..#....#..............
~.. #....#..............
.. #....# ............ .
#..### ..####..##.. ###
#+ #..##..


You could see Prince Ribbit, an orc priest and 3 orcs.

Vanquished Creatures
  2 black bears
  A phantom (D:5)
  A jelly (D:5)
  2 orc priests
  Crazy Yiuf (D:3)
  An orc wizard (D:2)
  4 gnolls (D:3)
  5 adders
  2 worms (D:3)
  21 orcs
  4 endoplasms
  4 giant cockroaches
  6 goblins
  8 hobgoblins
  2 jackals (D:3)
  3 quokkas
  4 ball pythons
  3 bats (D:1)
  2 frilled lizards
  14 kobolds
  5 rats
95 creatures vanquished.

Vanquished Creatures (others)
  3 plants (D:1)
3 creatures vanquished.

Grand Total: 98 creatures vanquished

Notes
Turn   | Place    | Note
-------+----------+-------------------------------------------
     0 | D:1      | purpskrrrp the Troll Wanderer began the quest for the Orb.
     0 | D:1      | purpskrrrp set off with the following items: a +0 hand axe,
                  | a +2 robe, 2 scrolls of silence.
     0 | D:1      | Reached XP level 1. HP: 19/19 MP: 0/0
   263 | D:1      | Reached XP level 2. HP: 28/28 MP: 1/1
   628 | D:1      | Found Ulupp's Armour Emporium.
  1191 | D:2      | Reached XP level 3. HP: 30/35 MP: 2/2
  1937 | D:2      | Reached XP level 4. HP: 42/44 MP: 3/3
  2143 | D:3      | Reached XP level 5. HP: 35/50 MP: 4/4
  2180 | D:3      | Found a runed translucent door.
  2181 | D:3      | Noticed Crazy Yiuf
  2647 | D:3      | Found a sacrificial altar of Ru.
  2652 | D:3      | Found a white marble altar of Elyvilon.
  2735 | D:3      | Killed Crazy Yiuf
  2736 | D:3      | Reached skill level 5 in Dodging
  2792 | D:4      | Found a shimmering altar of Xom.
  2933 | D:4      | Found Bukhliq's Antique Weapon Shop.
  2950 | D:4      | Reached XP level 6. HP: 43/61 MP: 5/5
  3380 | D:5      | Entered Level 5 of the Dungeon
  3555 | D:5      | Reached XP level 7. HP: 60/68 MP: 6/6
  3587 | D:5      | Noticed Prince Ribbit
  3606 | D:5      | Slain by Prince Ribbit

Illustrated notes

Levels and vault maps discovered:
D:1:      dpeg_arrival_arbitrary_a, layout_loops_corners, serial_shops,
          nicolae_shop_behind_doors, corexii_item_surrounded_by_moat,
          minmay_misc_feat_roman, chequers_big_river, minmay_unequal
D:2:      layout_loops_ring, patterned_corridor
D:3:      layout_loops_cross, mainiacjoe_overflow_big_doors,
          uniq_crazy_yiuf_cottage
D:4:      layout_rooms, mainiacjoe_overflow_boulevard, serial_shops, shop
D:5:      layout_gridville, serial_rivers, chequers_serial_rivers_large_a,
          chequers_serial_rivers_small_a, chequers_serial_rivers_small_3,
          chequers_serial_rivers_small_a, enter_ossuary_3,
          roderic_serpentine_path, kennysheep_nondescript, uniq_prince_ribbit1,
          uniq_blork_the_orc

Skill      XL: |  1  2  3  4  5  6 |
---------------+-------------------+-----
Axes           | 2 3 4 |  4.0
Fighting       | 2 3 |  3.9
Dodging        | 5 |  5.5
Evocations     | |  1.0

Action                   |  1- 3 |  4- 6 |  7- 9 || total
-------------------------+-------+-------+-------++-------
Melee: Unarmed           |   124 |   188 |    16 ||   328
       Punch             |     3 |     2 |       ||     5
  Use: Scroll            |       |    15 |       ||    15
 Stab: Sleeping          |     1 |     5 |       ||     6
Armor: Robe              |    46 |    52 |    13 ||   111
Dodge: Dodged            |    67 |   108 |    41 ||   216

Table legend: (Time is in decaauts)
 A = Elapsed time spent in this place.
 B = Non-inter-level travel time spent in this place.
 C = Inter-level travel time spent in this place.
 D = Time resting spent in this place.
 E = Time spent auto-exploring this place.
 F = Levels seen in this place.
 G = Mean time per level.
                   A        B        C        D        E       F      G
               +--------+--------+--------+--------+--------+-----+--------+
         Total |   3615 |   3451 |    164 |     18 |   2675 |   5 |  723.0 |
       Dungeon |   3615 |   3451 |    164 |     18 |   2675 |   5 |  723.0 |
               +--------+--------+--------+--------+--------+-----+--------+

Top non-repeatable levels by time:
     D:1: 1161 daAuts
     D:3: 843 daAuts
     D:2: 797 daAuts
     D:4: 587 daAuts
     D:5: 225 daAuts
